 Dungeon Crawl Stone Soup version 0.27.0-1-g7a089689b8 (webtiles) character file.

Game seed: 17991708377227095632

133 tylerjbraun the Gusty (level 4, 0/33 HPs)
             Began as a Draconian Air Elementalist on Aug 14, 2021.
             Slain by an orc priest (3 damage)
             ... on level 6 of the Dungeon.
             The game lasted 00:16:00 (2118 turns).

tylerjbraun the Gusty (Draconian Air Elementalist)  Turns: 2118, Time: 00:16:01

Health: 0/33       AC:  8    Str: 10    XL:     4   Next: 93%
Magic:  8/8        EV: 12    Int: 16    God:
Gold:   75         SH:  0    Dex: 12    Spells: 5/8 levels left

rFire    . . .     SeeInvis .   i - +0 war axe
rCold    . . .     Faith    .   (no shield)
rNeg     . . .     Spirit   .   (armour unavailable)
rPois    .         Reflect  .   (helmet restricted)
rElec    .         Harm     .   c - +1 cloak
rCorr    .         Rampage  .   d - +0 pair of gloves
Will     .....                  (no boots)
Stlth    ++........             (no amulet)
HPRegen  0.11/turn              (no ring)
MPRegen  0.11/turn              (no ring)

@: no status effects
A: AC +5, unfitting armour, cold-blooded
a: no special abilities


You were on level 6 of the Dungeon.
You visited 1 branch of the dungeon, and saw 4 of its levels.

You collected 75 gold pieces.

Inventory:

Hand Weapons
 a - a +1 short sword
 i - a +0 war axe (weapon)
Missiles
 f - 42 bolts
Armour
 c - a +1 cloak (worn)
 d - a +0 pair of gloves (worn)
Potions
 b - a potion of brilliance
 g - a potion of heal wounds {unknown}
 j - a potion of flight {unknown}
 k - a potion of lignification {unknown}


   Skills:
 - Level 0.7 Short Blades
 * Level 1.9 Axes
 + Level 2.0 Dodging
 + Level 2.0 Stealth
 + Level 2.8 Spellcasting
 + Level 1.9 Conjurations
 + Level 3.8 Air Magic


You had 5 spell levels left.
You knew the following spells:

 Your Spells              Type           Power      Damage    Failure   Level
d - Static Discharge      Conj/Air       11%        N/A       9%          2
s - Shock                 Conj/Air       44%        1d5       6%          1

Your spell library contained the following spells:

 Spells                   Type           Power      Damage    Failure   Level
 Swiftness                Air            14%        N/A       12%         3
 Airstrike                Air            7%         N/A       36%         4


Dungeon Overview and Level Annotations

Branches:
Dungeon (3/15)

Altars:
Fedhas
Trog

Shops:
D:2 [

Annotations:
D:6 1 runed translucent door, hatdisgam's ghost, novice MfFi


Innate Abilities, Weirdness & Mutations

Your plain brown scales are hard. (AC +5)
You cannot fit into any form of body armour.
You are cold-blooded and may be slowed by cold attacks.


Message History

The ice beast is lightly wounded.
The ice beast is engulfed in blazing flames.
Flame seeps out of the ice beast.
There are no items here.
You barely miss the ice beast.
Your tail-slap misses the ice beast.
The ice beast is severely wounded.
The ice beast hits you but does no damage.
You hit the ice beast.
Flame seeps out of the ice beast.
You tail-slap the ice beast, but do no damage.
The ice beast is severely wounded.
The ice beast is engulfed in blazing flames.
The ice beast explodes!
The fiery explosion engulfs you!!
Ouch! That really hurt!
* * * LOW HITPOINT WARNING * * *
You hear a bark!
You hear a shout! x5
Your Axes skill increases to level 1!
You have reached level 4!
You feel clever.
You start resting.
A hound comes into view.
An orc priest comes into view. It is wielding a +0 club.
The orc priest looks braver for a moment.
The orc priest looks braver for a moment.
An orc comes into view. It is wielding a +0 short sword.
The orc shouts!
You hear a shout!
The orc priest invokes the aid of Beogh against you.
You barely resist.
It was a potion of magic.
Magic courses through your body.
Hatdisgam's ghost says, "Your head would complement my pike nicely."
You hit the orc priest but do no damage.
You hit the orc.
The orc priest looks braver for a moment.
The orc closely misses you. The orc priest barely misses you.
You hit the orc priest. You tail-slap the orc priest.
The orc priest is moderately wounded.
You hit the orc.
Hatdisgam's ghost whispers, "The ORB doesn't exist."
The orc barely misses you. The orc priest hits you with a +0 club.
You die...

#.........#.#
#####..##.#.#
####..###...#
##.....####..#
##..#+#..##...##
###..##.##..#.#..##
#...##...##...##..#
#..##.....##.o###..#
#..#⌠.!♣!.W#.@#
#.o..
#..##.....##o##
###.# #...##...##..#
# ####....##⌠##..##
.....##..###..##
.....###......#
.................
.....######..##..
.....# ..##


You could see an orc priest, hatdisgam's ghost and an orc.

Vanquished Creatures
  An ice beast (D:6)
  A dart slug (D:2)
  2 bats
  7 endoplasms
  A giant cockroach (D:1)
  A goblin (D:1)
  5 hobgoblins
  4 jackals (D:3)
  3 quokkas (D:1)
  3 ball pythons
  2 frilled lizards
  A kobold (D:1)
  7 rats
38 creatures vanquished.

Notes
Turn   | Place    | Note
-------+----------+-------------------------------------------
     0 | D:1      | tylerjbraun the Draconian Air Elementalist began the quest
                  | for the Orb.
     0 | D:1      | Reached XP level 1. HP: 14/14 MP: 3/3
   240 | D:1      | Reached XP level 2. HP: 20/20 MP: 1/5
  1025 | D:2      | Found Isid's Armour Emporium.
  1031 | D:2      | Found a faded altar of an unknown god.
  1193 | D:2      | Reached XP level 3. HP: 26/26 MP: 2/6
  1308 | D:2      | Found a blossoming altar of Fedhas.
  1597 | D:3      | Found a bloodstained altar of Trog.
  1704 | D:3      | Learned a level 2 spell: Static Discharge
  2065 | D:3      | You fall into a shaft and drop 3 floors!
  2068 | D:6      | Noticed hatdisgam's ghost (novice MfFi)
  2069 | D:6      | Found a runed translucent door.
  2074 | D:6      | Noticed an ice beast
  2097 | D:6      | Killed an ice beast
  2097 | D:6      | HP: 1/26 [spore (25)]
  2098 | D:6      | Reached skill level 1 in Axes
  2098 | D:6      | Reached XP level 4. HP: 1/33 MP: 5/8
  2118 | D:6      | Slain by an orc priest

Illustrated notes

Levels and vault maps discovered:
D:1:      saegor_arrival_simple_c, layout_loops_cross, serial_rivers,
          chequers_serial_rivers_micro_e, chequers_serial_rivers_room_b,
          chequers_serial_rivers_micro_e, chequers_serial_rivers_small_3,
          minivault_26
D:2:      layout_rooms, basic_ecumenical_altar, basic_altar, serial_shops, shop,
          minmay_misc_feat_diagonals
D:3:      layout_loops_cross, mainiacjoe_overflow_tiny_flanked
D:6:      layout_rooms, hellmonk_ghost_happy_afterlife,
          guppyfry_early_elven_hall

Skill      XL: |  1  2  3 |
---------------+----------+-----
Dodging        | 2 |  2.0
Stealth        | 2 |  2.0
Axes           | 1 |  1.9
Short Blades   | |  0.7
Spellcasting   | |  2.8
Conjurations   | |  1.9
Air Magic      | |  3.8

Action                   |  1- 3 |  4- 6 || total
-------------------------+-------+-------++-------
Melee: Short sword       |     6 |       ||     6
       War axe           |    12 |     2 ||    14
       Tailslap          |     2 |     1 ||     3
 Cast: Shock             |    64 |       ||    64
  Use: Scroll            |     4 |       ||     4
       Potion            |       |     1 ||     1
Armor: Skin              |     6 |       ||     6
Dodge: Dodged            |    16 |     3 ||    19
